 Dungeon Crawl Stone Soup version 0.24.1-8-ga250c9d538 (webtiles) character file.

Game seed: 7383888933010353329, levelgen mode: deterministic

651 Gynju the Magician (level 7, 0/40 HPs)
             Began as a Deep Elf Wizard on Apr 27, 2020.
             Slain by a river rat (2 damage)
             ... summoned by Eustachio
             ... on level 4 of the Dungeon on Apr 28, 2020.
             The game lasted 00:09:41 (5763 turns).

Gynju the Magician (Deep Elf Wizard)                Turns: 5763, Time: 00:09:41

Health: 0/40       AC:  2    Str:  4    XL:     7   Next: 28%
Magic:  3/18       EV: 14    Int: 25    God:
Gold:   317        SH:  0    Dex: 17    Spells: 7/18 levels left

rFire    . . .     SeeInvis .   e - +0 long sword
rCold    + . .     Gourm    .   (no shield)
rNeg     . . .     Faith    .   a - +0 robe
rPois    .         Spirit   .   b - +0 hat
rElec    .         Reflect  .   (no cloak)
rCorr    .         Harm     .   (no gloves)
MR       .....                  (no boots)
Stlth    +++.......             u - amulet of magic regeneration
HPRegen  0.13/turn              h - ring of protection from cold
MPRegen  0.41/turn              r - +4 ring of dexterity

@: no status effects
A: no striking features
a: no special abilities


You were on level 4 of the Dungeon.
You were not hungry.

You visited 1 branch of the dungeon, and saw 5 of its levels.

You collected 317 gold pieces.

Inventory:

Hand Weapons
 c - a +1 dagger
 e - a +0 long sword (weapon)
Armour
 a - a +0 robe (worn)
 b - a +0 hat (worn)
Jewellery
 f - an uncursed amulet of the gourmand
 h - a ring of protection from cold (left hand)
 r - a +4 ring of dexterity (right hand)
 s - an uncursed ring of flight
 u - an amulet of magic regeneration (around neck)
 y - an uncursed ring of stealth
Scrolls
 g - 3 scrolls of remove curse {@r2}
 i - 4 scrolls of identify {@r1}
 n - a scroll of fear
 v - a scroll of noise {unknown}
 w - a scroll of fog {unknown}
 x - a scroll of blinking {unknown}
 z - a scroll of teleportation
Potions
 j - a potion of heal wounds {unknown}
 k - 3 potions of curing {@q1}
 m - a potion of agility {unknown}
 o - a potion of magic {unknown}
 p - a potion of flight {unknown}
 q - 3 potions of degeneration {unknown}
 t - a potion of ambrosia {unknown}
Comestibles
 d - 7 rations


   Skills:
 + Level 2.2 Fighting
 + Level 4.3 Dodging
 - Level 5.1 Stealth
 - Level 6.0 Spellcasting
 - Level 5.1 Conjurations
 - Level 1.1 Summonings
 - Level 1.1 Translocations


You had 7 spell levels left.
You knew the following spells:

 Your Spells              Type           Power        Failure   Level  Hunger
a - Magic Dart            Conj           ####         1%          1    None
b - Blink                 Tloc           N/A          7%          2    None
c - Call Imp              Summ           ##......     7%          2    None
d - Conjure Flame         Conj/Fire      ###.....     8%          3    None
e - Mephitic Cloud        Conj/Pois/Air  ###.....     11%         3    None

Your spell library contained the following spells:

 Spells                   Type           Power        Failure   Level  Hunger
 Slow                     Hex            #.......     11%         2    None


Dungeon Overview and Level Annotations

Branches:
Dungeon (5/15)
 Temple: D:4-7

Altars:
Cheibriados
Okawaru
Ru
Zin

Annotations:
D:4 Eustachio
D:5 Pikel


Message History

Eustachio mumbles some strange words.
Eustachio gestures wildly while chanting.
Eustachio blinks!
You closely miss the river rat. The bat barely misses you.
You riposte.
You miss the bat. The bat misses you. The river rat closely misses you.
The white imp gestures at you. The puff of frost hits you. You resist.
* * * LOW HITPOINT WARNING * * *
You hit the river rat but do no damage. The bat hits you but does no damage. x2
The river rat closely misses you.
You riposte.
You hit the river rat.
The river rat is moderately wounded.
The white imp barely misses you. The river rat misses you.
You hit the river rat.
The river rat is heavily wounded.
The bat barely misses you. The bat misses you. The white imp hits you.
* * * LOW HITPOINT WARNING * * *
The white imp freezes you. You resist.
* * * LOW HITPOINT WARNING * * *
The river rat bites you.
You die...

#.# #.# #.########
##.#......# #########
##....####.###
#5.bb...######.....# #....
#5#####.##.........###..#
#.#####.##.#####.#.##...##
#.##....@r@5b......>.....#
#.##.##.##b#####.#.....<#
#.##@##.##5#####'#.###.##
#.##.##.##.........# ###
#......b######.....##
##5#.#..# ##.......##
##.#####5#....####.........#
.................'.........+
###...........#.........#


You could see Eustachio, a river rat, 2 white imps and 2 bats.

Vanquished Creatures
  A slave (D:4)
  An ice beast (D:5)
  An ogre (D:4)
  A big kobold (D:4)
  A bullfrog skeleton (D:5)
  A hound (D:4)
  2 orc priests (D:5)
  A centaur skeleton (D:5)
  An orc wizard (D:3)
  A worker ant (D:5)
  3 adders
  3 oozes
  An adder zombie (D:5)
  6 worms
  5 leopard geckos
  9 orcs
  2 ball pythons
  7 bats
  4 giant cockroaches
  25 goblins
  9 hobgoblins
  11 kobolds
  2 quokkas
  6 frilled lizards
  5 rats
109 creatures vanquished.

Vanquished Creatures (collateral kills)
  A hound (D:4)
  Terence (D:2)
  Robin (D:2)
  A goblin (D:2)
4 creatures vanquished.

Grand Total: 113 creatures vanquished

Notes
Turn   | Place    | Note
-------+----------+-------------------------------------------
     0 | D:1      | Gynju the Deep Elf Wizard began the quest for the Orb.
     0 | D:1      | Reached XP level 1. HP: 10/10 MP: 7/7
   278 | D:1      | Reached XP level 2. HP: 15/15 MP: 6/9
  1018 | D:1      | Reached XP level 3. HP: 19/19 MP: 2/11
  1223 | D:1      | Reached skill level 5 in Spellcasting
  1450 | D:2      | Noticed Robin
  1622 | D:2      | Noticed Terence
  1627 | D:2      | Learned a level 2 spell: Blink
  1630 | D:2      | Learned a level 2 spell: Call Imp
  1634 | D:2      | Learned a level 3 spell: Conjure Flame
  1639 | D:2      | Killed Terence
  1724 | D:2      | Found a faded altar of an unknown god.
  1837 | D:2      | Reached XP level 4. HP: 20/24 MP: 8/13
  2077 | D:2      | Killed Robin
  2448 | D:2      | Found a sacrificial altar of Ru.
  2803 | D:3      | Found an iron altar of Okawaru.
  3113 | D:3      | Reached XP level 5. HP: 28/28 MP: 11/15
  3257 | D:3      | Reached skill level 6 in Spellcasting
  3751 | D:3      | Learned a level 3 spell: Mephitic Cloud
  3797 | D:4      | Noticed Eustachio
  4031 | D:4      | Reached skill level 5 in Stealth
  4317 | D:4      | Noticed an ogre
  4326 | D:4      | Killed an ogre
  4326 | D:4      | Reached XP level 6. HP: 32/32 MP: 5/17
  4816 | D:5      | Entered Level 5 of the Dungeon
  4849 | D:5      | Reached skill level 5 in Conjurations
  4959 | D:5      | Noticed an ice beast
  5053 | D:5      | Killed an ice beast
  5053 | D:5      | Reached skill level 1 in Fighting
  5132 | D:5      | Reached XP level 7. HP: 38/38 MP: 12/18
  5527 | D:5      | Found a snail-covered altar of Cheibriados.
  5600 | D:5      | Found a glowing silver altar of Zin.
  5600 | D:5      | Noticed Pikel
  5763 | D:4      | HP: 2/40 [white imp[Eustachio] (1)]
  5763 | D:4      | Slain by a river rat

Levels and vault maps discovered:
D:1:      minmay_arrival_wavy_path, layout_basic, minmay_split_cup_large
D:2:      layout_rooms, overflow_temple_1_default,
          chequers_ecumenical_altar_island, uniq_robin, uniq_terence
D:3:      layout_basic, okawaru_ov_weapons_minmay
D:4:      layout_loops_corners, nicolae_overflow_hidden_temple,
          minmay_goblin_outpost, uniq_eustachio, uniq_grinder, uniq_edmund
D:5:      layout_basic, kennysheep_mini_moat, lemuel_crystal_altar,
          first_ration, skrybe_limestone_x, minmay_misc_feat_alley,
          chequers_big_river, uniq_pikel

Skill      XL: |  1  2  3  4  5  6  7 |
---------------+----------------------+-----
Stealth        | 3 4 5 |  5.1
Conjurations   | 2 3 4 5 |  5.1
Spellcasting   | 5 6 |  6.0
Fighting       | 1 2 |  2.2
Dodging        | 3 4 |  4.3
Summonings     | |  1.1
Translocations | |  1.1

Action                   |  1- 3 |  4- 6 |  7- 9 || total
-------------------------+-------+-------+-------++-------
Melee: Dagger            |       |    22 |       ||    22
       Long sword        |       |       |     5 ||     5
 Cast: Magic Dart        |    77 |   189 |    80 ||   346
       Call Imp          |     3 |    14 |       ||    17
       Conjure Flame     |       |     3 |       ||     3
  Use: Scroll            |       |     4 |       ||     4
       Potion            |       |     1 |       ||     1
  Eat: Chunk             |     3 |     4 |     1 ||     8
       Ration            |       |     2 |       ||     2
Armor: Robe              |     2 |    23 |     6 ||    31
Dodge: Dodged            |     9 |    74 |    57 ||   140
       Rpst.: Long sword |       |       |    15 ||    15
